 Dungeon Crawl Stone Soup version 0.31-a0-1074-g0b22e4e0f1 (webtiles) character file.

Game seed: 7246535479508202027

35 IdlyInterested the Ruffian (level 3, -3/29 HPs)
             Began as a Demonspawn Gladiator on Dec 8, 2023.
             Killed from afar by Sigmund (4 damage)
             ... with a magic dart
             ... on level 2 of the Dungeon.
             The game lasted 00:03:31 (1020 turns).

IdlyInterested the Ruffian (Demonspawn Gladiator)   Turns: 1020, Time: 00:03:31

Health: -3/29      AC:  4    Str: 13 (16) XL:     3   Next: 17%
Magic:  3/3        EV: 11    Int:  8 (9)  God:
Gold:   37         SH:  0    Dex: 13 (14) Spells: 2/2 levels left

rFire   + .          .
                       - Unarmed
rCold   . . .        (no shield)
rNeg    . . .        p - +1 ring mail {Will+}
rPois   .            (helmet restricted)
rElec   .            (no cloak)
rCorr   .            (no gloves)
SInv    .            m - +0 pair of boots
Will    +....        (no amulet)
Stlth   +            (no ring)
HPRegen 0.24/turn    (no ring)
MPRegen 0.16/turn

%: no passive effects
@: lethally poisoned (-3 -> -15)
A: magic regeneration, antennae 1, deformed body, fire resistance 1
a: no special abilities


You were on level 2 of the Dungeon.
You visited 1 branch of the dungeon, and saw 2 of its levels.

You collected 37 gold pieces.

Inventory:

Hand Weapons
 e - a +0 hand axe
 g - a +0 whip
 n - a +0 short sword
Missiles
 c - 3 throwing nets
 d - a javelin
 h - 5 poisoned darts (quivered)
 i - 22 stones
 o - 6 atropa-tipped darts
Armour
 j - a +0 helmet
 m - a +0 pair of boots (worn)
 p - a +1 ring mail of willpower (worn)
Scrolls
 a - a scroll of identify {unknown}
 q - a scroll of fog {unknown}


   Skills:
 - Level 3.0 Fighting
 - Level 2.0 Throwing
 + Level 0.0 Armour
 - Level 3.0 Dodging
 - Level 3.0 Unarmed Combat


You had 2 spell levels left.
You didn't know any spells.
Your spell library was empty.

Dungeon Overview and Level Annotations

Branches:
Dungeon (2/15)

Altars:

Shops:
D:1 :

Annotations:
D:2 Sigmund


Innate Abilities, Weirdness & Mutations

You regenerate magic rapidly.
You have a pair of small antennae on your head.
Armour fits poorly on your strangely shaped body.
Your flesh is heat resistant. (rF+)


Message History

Something hits you but does no damage.
You bump into the rock wall.
The adder bites you. Something hits you but does no damage.
You're too confused to move!
You feel less invigorated.
You feel less confused. The adder bites you but does no damage.
The adder completely misses you.
You closely miss something. Something hits you.
The adder bites you but does no damage.
You hit something. Your punch misses something. The adder barely misses you.
Something hits you!
The dart slug bites you but does no damage.
You barely miss something. The adder bites you.
You are poisoned.
The adder poisons you!
The goblin unwields a +0 sling.
The goblin wields a +0 club.
The goblin closely misses you.
You miss something.
You feel sick. The adder misses you. Something hits you but does no damage.
The dart slug bites you but does no damage.
The goblin barely misses you.
You closely miss something.
You feel sick. The adder closely misses you.
The goblin hits you with a +0 club. The dart slug launches a dart at you.
The slug dart misses you.
The slug dart hits the adder.
Something hits you!
* * * LOW HITPOINT WARNING * * *
The adder bites you.
* * * LOW HITPOINT WARNING * * *
You barely miss something.
You feel sick. The adder bites you.
* * * LOW HITPOINT WARNING * * *
You are lethally poisoned!
The adder poisons you! The goblin hits you but does no damage.
You miss something.
* * * LOW HITPOINT WARNING * * *
You feel sick. The adder bites you.
* * * LOW HITPOINT WARNING * * *
You are more poisoned.
The adder poisons you!
You hear some strange, mumbled words.
A magic dart appears from out of thin air!
The magic dart hits you.
You die...

## .... # .. ....
##.#.## .$...
#......#######.....
#..................
#.....g#........##
......w@S........#
.......{...<..(#
#..."..........#
#......#..........#
##.###.............
.. ...#.......#.#.
. ..########..# ..
## ..# . #..


You could see an adder, a dart slug and a goblin.

Vanquished Creatures
  A dart slug (D:1)
  3 ball pythons (D:1)
  An endoplasm (D:1)
  2 goblins (D:1)
  7 hobgoblins (D:1)
  3 quokkas (D:1)
  4 bats (D:1)
  3 frilled lizards (D:1)
  3 kobolds (D:1)
  6 rats (D:1)
33 creatures vanquished.

Notes
Turn   | Place    | Note
-------+----------+-------------------------------------------
     0 | D:1      | IdlyInterested the Demonspawn Gladiator began the quest for
                  | the Orb.
     0 | D:1      | Reached XP level 1. HP: 16/16 MP: 1/1
   109 | D:1      | Gained mutation: You regenerate magic rapidly. [demonic
                  | ancestry]
   109 | D:1      | Reached XP level 2. HP: 14/22 MP: 2/2
   581 | D:1      | Found Wyczugel's Book Shop.
   608 | D:1      | Reached XP level 3. HP: 21/28 MP: 3/3
  1003 | D:2      | Noticed Sigmund
  1009 | D:2      | Gained mutation: Armour fits poorly on your strangely
                  | shaped body. [potion of mutation]
  1009 | D:2      | Gained mutation: You have a pair of small antennae on your
                  | head. [potion of mutation]
  1009 | D:2      | Gained mutation: Your flesh is heat resistant. (rF+)
                  | [potion of mutation]
  1020 | D:2      | HP: 1/29 [adder (1)]
  1020 | D:2      | Killed from afar by Sigmund

Illustrated notes

Levels and vault maps discovered:
D:1:      dpeg_arrival_ratfight, layout_loops_cross, serial_shops,
          nicolae_book_shop_shelving, minmay_pentomino_p4
D:2:      kennysheep_the_goblin_king, layout_rooms,
          amcnicky_mini_rare_corridor_liquid, nicolae_the_louvre, uniq_natasha,
          uniq_sigmund

Skill      XL: |  1  2  3 |
---------------+----------+-----
Unarmed Combat | 3 |  3.0
Dodging        | 3 |  3.0
Throwing       | 2 |  2.0
Fighting       | 3 |  3.0

Action                     || total
---------------------------++-------
  Melee: Unarmed           ||   125
         Punch             ||     3
    Use: Potion            ||     3
 Armour: Leather armour    ||    14
         Ring mail         ||    66
  Dodge: Dodged            ||    81

Table legend: (Time is in decaauts)
 A = Elapsed time spent in this place.
 B = Non-inter-level travel time spent in this place.
 C = Inter-level travel time spent in this place.
 D = Time resting spent in this place.
 E = Time spent auto-exploring this place.
 F = Levels seen in this place.
 G = Mean time per level.
                   A        B        C        D        E       F      G
               +--------+--------+--------+--------+--------+-----+--------+
         Total |   1013 |    953 |     60 |    108 |    510 |   2 |  506.5 |
       Dungeon |   1013 |    953 |     60 |    108 |    510 |   2 |  506.5 |
               +--------+--------+--------+--------+--------+-----+--------+

Top non-repeatable levels by time:
     D:1: 996 daAuts
     D:2: 16 daAuts
